 Dungeon Crawl Stone Soup version 0.25.0-46-gbd7b0854d2 (webtiles) character file.

Game seed: 18370374870876077800

1457 Aviak the Magician (level 8, -10/62 HPs)
             Began as a Demonspawn Ice Elementalist on July 12, 2020.
             Was a Follower of Vehumet.
             Mangled by an orc warrior
             ... wielding a +0 trident
              (24 damage)
             ... on level 6 of the Dungeon.
             The game lasted 00:11:57 (7163 turns).

Aviak the Magician (Demonspawn Ice Elementalist)    Turns: 7163, Time: 00:11:57

Health: -10/62     AC:  5    Str: 10    XL:     8   Next: 47%
Magic:  14/17      EV: 10    Int: 18    God:    Vehumet [*.....]
Gold:   146        SH:  4    Dex: 13    Spells: 12/19 levels left

rFire    . . .     SeeInvis .   E - +3 long sword
rCold    . . .     Gourm    .   C - +0 buckler
rNeg     . . .     Faith    .   B - +0 leather armour (curse)
rPois    .         Spirit   .   (no helmet)
rElec    .         Reflect  .   v - +1 cloak
rCorr    .         Harm     .   (no gloves)
MR       .....                  (no boots)
Stlth    +.........             h - amulet of the acrobat
HPRegen  0.20/turn              (no ring)
MPRegen  0.15/turn              (no ring)

@: frozen ramparts, very slightly contaminated, heavily drained
A: claws 2, hooves 1, powered by death 1, powered by pain 2
a: Renounce Religion


You were on level 6 of the Dungeon.
You worshipped Vehumet.
Vehumet was aware of your devotion.
You were not hungry.

You visited 2 branches of the dungeon, and saw 7 of its levels.

You collected 213 gold pieces.
You spent 67 gold pieces at shops.

Inventory:

Hand Weapons
 b - a +0 dagger
 k - a -1 falchion
 q - a +3 dagger
 E - a +3 long sword (weapon)
Armour
 a - a +0 robe
 v - a +1 cloak (worn)
 y - a +0 leather armour
 B - a cursed +0 leather armour (worn)
 C - a +0 buckler (worn)
Jewellery
 h - an amulet of the acrobat (around neck)
Wands
 e - a wand of paralysis (7)
 z - a wand of flame (18)
 D - a wand of acid (6)
Scrolls
 g - 2 scrolls of immolation {unknown}
 i - a scroll of identify
 m - 4 scrolls of enchant weapon {unknown}
 n - 2 scrolls of teleportation {unknown}
 p - 3 scrolls of enchant armour
 r - 7 scrolls of remove curse
 s - a scroll of magic mapping {unknown}
 t - a scroll of blinking {unknown}
 x - 2 scrolls of random uselessness {unknown}
 A - a scroll of fog {unknown}
 F - a scroll of acquirement {unknown}
 G - a scroll of noise {unknown}
Potions
 c - 2 potions of curing
 d - 2 potions of brilliance
 j - 2 potions of haste
 l - 4 potions of stabbing {unknown}
 o - 2 potions of heal wounds {unknown}
 u - a potion of resistance {unknown}
 w - a potion of mutation {unknown}
Comestibles
 f - 6 rations


   Skills:
 - Level 5.0(2.4) Fighting
 - Level 2.0(0.0) Short Blades
 - Level 1.7(0.0) Dodging
 - Level 1.7(0.0) Stealth
 + Level 3.4(1.0) Shields
 + Level 6.3(3.7) Spellcasting
 - Level 5.2(2.6) Ice Magic


You had 12 spell levels left.
You knew the following spells:

 Your Spells              Type           Power        Failure   Level  Hunger
a - Freeze                Ice            ##..         10%         1    None
b - Frozen Ramparts       Ice            ##....       30%         3    ###....
c - Ozocubu's Armour      Chrm/Ice       #.......     45%         3    ###....

Your spell library contained the following spells:

 Spells                   Type           Power        Failure   Level  Hunger
 Foxfire                  Conj/Fire      #...         30%         1    None
 Animate Skeleton         Necr           N/A          30%         1    None
 Apportation              Tloc           #.....       30%         1    None
 Corona                   Hex            #......      30%         1    None
 Summon Small Mammal      Summ           #...         30%         1    None
 Hailstorm                Conj/Ice       #.......     86%         4    ####...
 Summon Ice Beast         Ice/Summ       #.......     86%         4    ####...


Dungeon Overview and Level Annotations

Branches:
Dungeon (6/15)             Temple (1/1) D:4

Altars:
Ashenzari
Cheibriados
Dithmenos
Gozag
Hepliaklqana
Kikubaaqudgha
Makhleb
Nemelex Xobeh
Okawaru
Qazlal
Ru
Sif Muna
Trog
Uskayaw
Vehumet
Wu Jian
Xom
Yredelemnul
The Shining One

Shops:
D:4 *   D:5 [::??   D:6 %


Innate Abilities, Weirdness & Mutations

You have very sharp fingernails.
You have large cloven feet.
You regenerate a little health from kills.
You sometimes gain power by taking damage.


Message History

Unknown command.
You feel better.
The orc wizard shouts!
The orc warrior hits you but does no damage.
The orc warrior closely misses you.
You riposte.
You hit the orc warrior but do no damage.
You kick the orc warrior, but do no damage.
The orc warrior is moderately wounded.
Unknown command.
The orc wizard gestures wildly while chanting.
The orc wizard blinks!
The orc wizard casts a spell.
The orc wizard flickers and vanishes!
Deactivating autopickup; reactivate with Ctrl-A.
Casting: Frozen Ramparts (dangerous; 30% risk of failure)
Confirm with . or Enter, or press ? or * to list all spells.
The walls around you are covered in ice.
The wall freezes the orc warrior.
The orc warrior hits you from afar with a +0 trident!!
You die...

##...<.. ##.....# o.......
###...#### ........ ###....##
...o.... ###......# .......#
##(.(.....## ..o....#
###..........# .......##
###......(.....# ........#
###o@............## ........#
###.....(...........#
........###.o.o.).....#(......#
..............................#
.........o...#................##
.........##################....##
........## ##..<.. ........#
##.... ........# ##...


You could see 2 orc warriors, an orc priest and an orc wizard.

Vanquished Creatures
  Eustachio (D:4)
  An ice beast (D:5)
  An ogre (D:5)
  A centaur (D:5)
  A scorpion (D:6)
  3 wights
  2 howler monkeys
  A crimson imp (D:4)
  2 hounds
  2 orc priests (D:4)
  2 centaur skeletons (D:4)
  4 orc wizards
  A bullfrog skeleton (D:4)
  Jessica (D:2)
  5 worker ants
  An iguana (D:6)
  Terence (D:3)
  A killer bee zombie (D:5)
  A hound skeleton (D:5)
  Robin (D:2)
  5 gnolls
  3 adders
  3 oozes
  5 worms
  8 dart slugs
  2 leopard geckos
  17 orcs
  8 bats
  6 giant cockroaches
  5 hobgoblins
  6 quokkas
  2 ball pythons
  6 frilled lizards
  14 goblins
  A goblin skeleton (D:4)
  A goblin zombie (D:4)
  A hobgoblin zombie (D:4)
  A jackal skeleton (D:5)
  5 kobolds
  A kobold skeleton (D:4)
  A leopard gecko skeleton (D:4)
  An orc zombie (D:4)
  6 rats
141 creatures vanquished.

Notes
Turn   | Place    | Note
-------+----------+-------------------------------------------
     0 | D:1      | Aviak the Demonspawn Ice Elementalist began the quest for
                  | the Orb.
     0 | D:1      | Reached XP level 1. HP: 13/13 MP: 3/3
   255 | D:1      | Gained mutation: You sometimes gain a little power by
                  | taking damage. [demonic ancestry]
   255 | D:1      | Reached XP level 2. HP: 20/20 MP: 1/5
   402 | D:1      | Reached skill level 1 in Fighting
  1359 | D:2      | Noticed Jessica
  1368 | D:2      | Killed Jessica
  1368 | D:2      | Gained mutation: You regenerate a little health from kills.
                  | [demonic ancestry]
  1368 | D:2      | Reached XP level 3. HP: 26/27 MP: 2/7
  1528 | D:2      | Learned a level 3 spell: Frozen Ramparts
  1685 | D:2      | Gained mutation: You sometimes gain power by taking damage.
                  | [demonic ancestry]
  1685 | D:2      | Reached XP level 4. HP: 27/33 MP: 6/8
  1844 | D:2      | Reached skill level 3 in Spellcasting
  1965 | D:2      | Found a snail-covered altar of Cheibriados.
  2076 | D:2      | Noticed Robin
  2101 | D:2      | Killed Robin
  2101 | D:2      | Gained mutation: You have sharp fingernails. [demonic
                  | ancestry]
  2101 | D:2      | Reached XP level 5. HP: 39/39 MP: 2/9
  2852 | D:3      | Found an ancient bone altar of Kikubaaqudgha.
  2853 | D:3      | Found a snail-covered altar of Cheibriados.
  2931 | D:3      | Learned a level 3 spell: Ozocubu's Armour
  2958 | D:3      | Found a basalt altar of Yredelemnul.
  2986 | D:3      | Noticed Terence
  2996 | D:3      | Killed Terence
  3043 | D:3      | Gained mutation: You have very sharp fingernails. [demonic
                  | ancestry]
  3043 | D:3      | Reached XP level 6. HP: 43/47 MP: 4/11
  3288 | D:3      | Found a hazy altar of Hepliaklqana.
  3429 | D:3      | Found an ornate altar of the Wu Jian Council.
  3753 | D:4      | Noticed Eustachio
  3766 | D:4      | Killed Eustachio
  3766 | D:4      | Reached skill level 4 in Spellcasting
  3766 | D:4      | Reached skill level 5 in Ice Magic
  4134 | D:4      | Found Umoguh's General Store.
  4141 | D:4      | Gained mutation: You have large cloven feet. [demonic
                  | ancestry]
  4141 | D:4      | Reached XP level 7. HP: 54/54 MP: 9/13
  4277 | D:4      | Found a staircase to the Ecumenical Temple.
  4285 | D:4      | Reached skill level 1 in Short Blades
  4308 | Temple   | Entered the Ecumenical Temple
  4654 | Temple   | Became a worshipper of Vehumet
  4973 | D:4      | Found a glowing golden altar of the Shining One.
  5246 | D:5      | Entered Level 5 of the Dungeon
  5270 | D:5      | Found Fulauc's Book Shop.
  5276 | D:5      | Reached skill level 5 in Spellcasting
  5289 | D:5      | Found Ycsaatel's Magic Scroll Boutique.
  5497 | D:5      | Found Ymuipha's Armour Emporium.
  5521 | D:5      | Bought a +0 buckler for 67 gold pieces
  5556 | D:5      | Found Fieddog's Magic Scroll Shoppe.
  5588 | D:5      | Reached skill level 5 in Fighting
  5789 | D:5      | Reached * piety under Vehumet
  5789 | D:5      | Offered knowledge of Foxfire by Vehumet.
  5789 | D:5      | Reached skill level 1 in Shields
  5789 | D:5      | Reached XP level 8. HP: 62/62 MP: 14/16
  5844 | D:5      | Found Unaexyih's Book Shoppe.
  6304 | D:5      | Reached skill level 6 in Spellcasting
  6521 | D:6      | Found Adanaas's Food Emporium.
  7163 | D:6      | Mangled by an orc warrior

Illustrated notes

Levels and vault maps discovered:
D:1:      lordsloth_arrival_two_stooges, layout_basic,
          chequers_serial_rivers_small_a, hangedman_decor_riveting
D:2:      wad_woods_tower, layout_basic, kennysheep_slug_shrine, uniq_robin,
          uniq_jessica
D:3:      layout_basic, lemuel_doored_altar, old_standard_altar,
          gammafunk_temple_overflow_statue, nicolae_overflow_crystal_walls,
          uniq_terence
D:4:      layout_loops_cross, nicolae_tso_besieged_by_evil,
          minmay_temple_entry_sparse_star, serial_shops,
          nicolae_shop_window_shopping, uniq_eustachio
D:5:      layout_basic, serial_shops, kennysheep_mini_moat, shop_scrolls,
          nicolae_shop_statue_plus, nicolae_shop_stone,
          nicolae_shop_temple_entry_statues_fountains, first_ration
D:6:      layout_cave_pods, serial_shops, shop
Temple:   oiseaux_autumnal_temple

Skill      XL: |  1  2  3  4  5  6  7  8 |
---------------+-------------------------+-----
Fighting       | 1 2 3 4 5 |  5.0
Ice Magic      | 4 5 |  5.2
Spellcasting   | 3 4 5 6 |  6.3
Short Blades   | 2 |  2.0
Shields        | 1 3 |  3.4
Dodging        | |  1.7
Stealth        | |  1.7

Action                   |  1- 3 |  4- 6 |  7- 9 || total
-------------------------+-------+-------+-------++-------
Melee: Dagger            |    50 |   122 |   114 ||   286
       Unarmed           |     3 |       |       ||     3
       Kick              |       |       |    31 ||    31
       Long sword        |       |       |    35 ||    35
 Cast: Freeze            |    33 |    26 |     4 ||    63
       Frozen Ramparts   |       |    16 |    20 ||    36
       Ozocubu's Armour  |       |     1 |     4 ||     5
Evoke: Wand              |       |       |     3 ||     3
  Use: Scroll            |     1 |       |     4 ||     5
       Potion            |       |       |     1 ||     1
 Stab: Sleeping          |     5 |     5 |     1 ||    11
       Paralysed         |       |       |     3 ||     3
  Eat: Chunk             |     3 |     9 |     6 ||    18
       Ration            |       |       |     2 ||     2
Armor: Robe              |    15 |    21 |       ||    36
       Leather armour    |       |     9 |    28 ||    37
Dodge: Dodged            |    50 |   116 |    88 ||   254
Block: Buckler           |       |       |     9 ||     9
       Rpst.: Long sword |       |       |     8 ||     8
